 Dungeon Crawl Stone Soup version 0.24-a0-89-gce0dbf48b2 (webtiles) character file.

Game seed: 5712579917904124833

185790 Maize the Executioner (level 17, -12/237 HPs)
             Began as a Minotaur Berserker on Feb 7, 2019.
             Was the Champion of Trog.
             Mangled by Sonja
             ... wielding a +1 dagger of distortion
              (17 damage)
             ... on level 12 of the Dungeon on Feb 8, 2019.
             The game lasted 00:36:36 (22753 turns).

Maize the Executioner (Minotaur Berserker)         Turns: 22753, Time: 00:36:37

Health: -12/237    AC: 22    Str: 32    XL:     17   Next: 82%
Magic:  6/6        EV: 12    Int:  4    God:    Trog [******]
Gold:   195        SH:  0    Dex: 12    Spells: 16/16 levels left

rFire    . . .     SeeInvis .   R - +6 executioner's axe (antimagic)
rCold    . . .     Gourm    +   (shield currently unavailable)
rNeg     . . .     Faith    .   h - quicksilver dragon scales
rPois    .         Spirit   .   (helmet restricted)
rElec    .         Reflect  .   X - +2 cloak
rCorr    .         Harm     .   (no gloves)
MR       ++...                  B - +1 pair of boots
Stlth    ..........             l - amulet of the gourmand
HPRegen  0.49/turn              (no ring)
MPRegen  0.10/turn              (no ring)

@: berserking (expiring), very quick
A: retaliatory headbutt, horns 2
a: Berserk, Trog's Hand, Brothers in Arms, Renounce Religion


You were on level 12 of the Dungeon.
You worshipped Trog.
Trog was exalted by your worship.
You were very full.

You visited 3 branches of the dungeon, and saw 20 of its levels.
You also visited: Sewer.

You collected 2132 gold pieces.
You spent 1937 gold pieces at shops.

Inventory:

Hand Weapons
 J - a +4 antimagic battleaxe
 R - a +6 antimagic executioner's axe (weapon)
Armour
 g - a +4 chain mail
 h - quicksilver dragon scales (worn)
 B - a +1 pair of boots (worn)
 X - a +2 cloak (worn)
Jewellery
 l - an amulet of the gourmand (around neck)
 y - an uncursed ring of ice
 G - an uncursed ring of ice
 M - an uncursed ring of ice
Wands
 a - a wand of iceblast (5)
 v - a wand of random effects (58)
 w - a wand of flame (37)
 E - a wand of digging (9)
 H - a wand of acid (12)
 I - a wand of enslavement (19)
 V - a wand of polymorph (8)
 W - a wand of clouds (4)
Scrolls
 b - 13 scrolls of teleportation
 f - 3 scrolls of magic mapping
 j - 2 scrolls of amnesia
 r - 4 scrolls of fog
 s - a scroll of blinking
 u - 3 scrolls of remove curse
 x - 4 scrolls of enchant armour
 D - 2 scrolls of vulnerability {unknown}
 F - a scroll of immolation
 L - 2 scrolls of fear {unknown}
 O - a scroll of summoning {unknown}
 P - a scroll of brand weapon {unknown}
 Q - a scroll of torment {unknown}
 S - 4 scrolls of identify
 T - a scroll of random uselessness {unknown}
Potions
 d - a potion of mutation
 e - 3 potions of invisibility
 i - 2 potions of lignification
 k - 6 potions of curing
 m - 2 potions of cancellation {unknown}
 n - 2 potions of brilliance
 o - 4 potions of haste
 p - 4 potions of might
 q - 4 potions of magic
 t - 3 potions of flight
 z - 2 potions of agility
 C - 2 potions of degeneration {unknown}
 K - a potion of resistance {unknown}
 N - a potion of heal wounds {unknown}
 U - a potion of berserk rage {unknown}
Miscellaneous
 A - a phantom mirror
Comestibles
 c - 38 rations


   Skills:
 + Level 16.2 Fighting
 * Level 21.5 Axes
 + Level 16.1 Armour
 - Level 2.1 Dodging
 + Level 4.3 Evocations


You had 16 spell levels left.
You didn't know any spells.
Your spell library was empty.

Dungeon Overview and Level Annotations

Branches:
Dungeon (12/15)            Temple (0/1) D:4            Lair (6/6) D:10
  Swamp (0/4) Lair:2        Snake (0/4) Lair:2        Slime (0/5) Lair:5
    Orc (2/2) D:9             Elf (0/3) Orc:2

Altars:
Cheibriados
Elyvilon
Fedhas
Gozag
Hepliaklqana
Nemelex Xobeh
Okawaru
Ru
Sif Muna
Wu Jian
Xom
Yredelemnul
Zin

Shops:
Orc:1 !   Orc:2 (}=!

Annotations:
D:12 Sonja


Innate Abilities, Weirdness & Mutations

You reflexively headbutt those who attack you in melee.
You have a pair of horns on your head.


Message History

You slash Sonja!
Sonja's magic leaks into the air.
Your headbutt misses Sonja.
Sonja is heavily wounded.
Sonja barely misses you. Sonja hits you but does no damage.
Space bends around you.
* * * LOW HITPOINT WARNING * * *
Sonja misses you.
Unknown command.
You slash Sonja!
Sonja's magic leaks into the air.
Your headbutt misses Sonja.
Sonja is almost dead.
Sonja hits you with a +1 dagger of distortion.
* * * LOW HITPOINT WARNING * * *
Space bends around you.
* * * LOW HITPOINT WARNING * * *
Sonja barely misses you. Sonja hits you but does no damage.
Space bends around you.
* * * LOW HITPOINT WARNING * * *
You closely miss Sonja. Your headbutt misses Sonja.
Sonja is almost dead.
Sonja hits you but does no damage. Space warps horribly around you!
You die...

####### #.....#
########## #.###.#
.........# #.###.#
########.# #...#.# #
#.....# #.###.#.# #
#.##### #.......#
####.###########@###.##
...............†K)......
####.#.........#)#.#.###
# #.#.#....)..)...#
####.#.#..#.)......#
....)................#
####...#..##.#.###...#
#####.....#.# .#<#
...#####.# .#.#


You could see Sonja.

Vanquished Creatures
  Rupert (Orc:2)
  A tengu reaver (D:12)
  A frost giant (D:12)
  4 hydras
  Fannar (Lair:2)
  A rakshasa (D:12)
  Erolcha (D:10)
  An ice dragon (Lair:5)
  3 catoblepae
  8 two-headed ogres
  A deep troll shaman (Lair:6)
  5 death yaks (Lair:6)
  2 ogre magi (Orc:2)
  2 deep trolls (Orc:2)
  An unseen horror (D:11)
  A lindwurm (Lair:6)
  An orc knight (Orc:1)
  The ghost of kaisn the Shield-Bearer, a novice FoFi (D:6)
  An orc sorcerer (Orc:2)
  2 cyclopes (Orc:2)
  An oklob plant (D:5)
  3 ugly things
  20 elephants
  Maurice (Orc:2)
  7 black mambas
  A gargoyle (D:12)
  13 spiny frogs
  6 komodo dragons
  4 rime drakes
  12 trolls
  13 blink frogs
  7 hippogriffs
  2 shadows (D:11)
  A vampire (D:6)
  2 wyverns
  2 basilisks
  23 yaks
  2 hungry ghosts
  3 swamp worms (Lair:2)
  2 wargs
  A two-headed ogre zombie (D:9)
  11 water moccasins
  7 porcupines
  19 orc warriors
  A necrophage (D:6)
  3 sky beasts
  2 ice beasts
  26 ogres
  4 phantoms
  18 wolves
  A centaur (D:6)
  4 black bears
  10 crocodiles
  4 big kobolds
  A gnoll sergeant (Orc:2)
  18 bullfrogs
  A water moccasin zombie (D:11)
  A wyvern skeleton (D:8)
  4 scorpions
  4 killer bees (D:11)
  3 troll zombies (D:9)
  9 wights
  5 howler monkeys
  2 electric eels (Lair:2)
  6 crimson imps
  A centaur zombie (D:11)
  6 hounds
  A quasit (D:8)
  8 jellies
  15 orc wizards
  2 bullfrog zombies (D:8)
  5 centaur skeletons
  10 orc priests
  2 bullfrog skeletons
  2 iguanas
  8 worker ants
  2 killer bee zombies (D:5)
  4 ogre zombies (D:9)
  A hound zombie (D:8)
  A hound skeleton (D:8)
  4 gnolls
  8 adders
  3 river rats (Sewer)
  4 shadow imps
  3 oozes
  An adder skeleton (D:9)
  2 dart slugs
  4 leopard geckos
  88 orcs
  8 bats
  4 giant cockroaches
  2 gnoll zombies (D:4)
  5 goblins
  7 hobgoblins
  5 jackals
  22 kobolds
  9 quokkas
  5 ball pythons
  12 frilled lizards
  2 goblin skeletons (D:9)
  A goblin zombie (D:9)
  A hobgoblin skeleton (D:9)
  3 hobgoblin zombies (D:9)
  3 orc skeletons (D:9)
  15 orc zombies (D:9)
  2 quokka skeletons
  26 rats
  11 fungi
  16 plants
673 creatures vanquished.

Vanquished Creatures (collateral kills)
  A two-headed ogre (Orc:1)
  A troll (D:10)
  3 yaks (D:10)
5 creatures vanquished.

Vanquished Creatures (others)
  A yak (D:12)
  A bullfrog (Lair:5)
  5 fungi
  6 plants
  15 toadstools (D:5)
28 creatures vanquished.

Grand Total: 706 creatures vanquished

Notes
Turn   | Place    | Note
-------+----------+-------------------------------------------
     0 | D:1      | Maize the Minotaur Berserker began the quest for the Orb.
     0 | D:1      | Reached XP level 1. HP: 19/19 MP: 0/0
   133 | D:1      | Reached skill level 4 in Axes
   133 | D:1      | Reached XP level 2. HP: 27/27 MP: 1/1
   632 | D:2      | Reached XP level 3. HP: 29/33 MP: 2/2
   662 | D:2      | Found a deep blue altar of Sif Muna.
   687 | D:2      | Found a snail-covered altar of Cheibriados.
   837 | D:2      | Reached ** piety under Trog
  1282 | D:3      | Found a sacrificial altar of Ru.
  1287 | D:3      | Reached skill level 5 in Axes
  1287 | D:3      | Reached XP level 4. HP: 39/41 MP: 3/3
  2062 | D:4      | Got a fine robe
  2111 | D:4      | Reached XP level 5. HP: 36/47 MP: 2/4
  2209 | D:4      | Found a glowing drain.
  2218 | Sewer    | Entered a sewer
  2264 | Sewer    | Reached *** piety under Trog
  2292 | Sewer    | Reached skill level 6 in Axes
  2354 | Sewer    | Reached skill level 5 in Fighting
  2618 | D:4      | Found a shimmering altar of Xom.
  2643 | D:4      | Found a staircase to the Ecumenical Temple.
  2665 | D:4      | Reached XP level 6. HP: 56/56 MP: 5/5
  2785 | D:4      | Reached skill level 7 in Axes
  2820 | D:4      | Found an iron altar of Okawaru.
  2990 | D:4      | Reached skill level 5 in Armour
  2990 | D:4      | Reached XP level 7. HP: 62/62 MP: 6/6
  3056 | D:4      | Found a basalt altar of Yredelemnul.
  3291 | D:5      | Entered Level 5 of the Dungeon
  3333 | D:5      | Found an ornate altar of the Wu Jian Council.
  3451 | D:5      | Reached skill level 8 in Axes
  3489 | D:5      | Found an opulent altar of Gozag.
  3577 | D:5      | Found a blossoming altar of Fedhas.
  3590 | D:5      | Noticed an oklob plant
  3993 | D:5      | Killed an oklob plant
  3993 | D:5      | Reached skill level 9 in Axes
  3993 | D:5      | Reached XP level 8. HP: 11/73 MP: 0/7
  4468 | D:6      | Found a transporter.
  4492 | D:6      | Found a transporter.
  4505 | D:6      | Reached skill level 10 in Axes
  4557 | D:6      | Reached **** piety under Trog
  4737 | D:6      | Found an iron altar of Okawaru.
  4738 | D:6      | Noticed a hippogriff
  4746 | D:6      | Killed a hippogriff
  4746 | D:6      | Reached XP level 9. HP: 75/81 MP: 8/8
  4800 | D:6      | Noticed kaisn's ghost (novice FoFi)
  4915 | D:6      | Identified the +1 robe of Cheibriados's Scorn {*Corrode MR+
                  | Str+10} (You found it on level 4 of the Dungeon)
  5381 | D:6      | Reached skill level 11 in Axes
  5390 | D:6      | Killed kaisn's ghost
  5627 | D:7      | Reached skill level 12 in Axes
  5820 | D:7      | Found a sparkling altar of Nemelex Xobeh.
  6177 | D:8      | Reached XP level 10. HP: 90/91 MP: 9/9
  6187 | D:8      | Found a glowing silver altar of Zin.
  6301 | D:8      | Found a hazy altar of Hepliaklqana.
  7032 | D:9      | Reached ***** piety under Trog
  7206 | D:9      | Found a white marble altar of Elyvilon.
  7243 | D:9      | Reached skill level 13 in Axes
  7259 | D:9      | Found a staircase to the Orcish Mines.
  7291 | D:9      | Reached skill level 10 in Fighting
  7523 | D:9      | Noticed a two-headed ogre
  7526 | D:9      | Killed a two-headed ogre
  7692 | D:9      | Reached skill level 10 in Armour
  7940 | D:10     | Entered Level 10 of the Dungeon
  8065 | D:10     | You fall through a shaft!
  8241 | D:11     | Reached skill level 14 in Axes
  8303 | D:11     | Killed an unseen horror
  8303 | D:11     | Reached XP level 11. HP: 34/101 MP: 10/10
  8502 | D:11     | Noticed a brown ugly thing
  8508 | D:11     | Killed a brown ugly thing
  8692 | D:10     | Noticed Erolcha
  8705 | D:10     | Killed Erolcha
  9330 | D:10     | Reached skill level 15 in Axes
  9526 | D:10     | Found a staircase to the Lair.
  9780 | D:11     | Received a gift from Trog
 10243 | Lair:1   | Entered Level 1 of the Lair of Beasts
 10826 | Lair:1   | Noticed a four-headed hydra
 10834 | Lair:1   | Killed an eight-headed hydra
 10841 | Lair:1   | Got a dazzling chain mail
 10856 | Lair:1   | Identified the cursed +0 chain mail of the Ladybird {Int+3}
                  | (You found it on level 1 of the Lair of Beasts)
 10942 | Lair:1   | Reached skill level 16 in Axes
 10942 | Lair:1   | Reached XP level 12. HP: 112/112 MP: 3/11
 11334 | Lair:1   | Upgraded the game from 0.24-a0-81-gd227540562 to
                  | 0.24-a0-89-gce0dbf48b2
 11472 | Lair:1   | Noticed a five-headed hydra
 11481 | Lair:1   | Killed a ten-headed hydra
 12376 | Lair:2   | Reached skill level 17 in Axes
 12473 | Lair:2   | Found a staircase to the Snake Pit.
 12712 | Lair:2   | Found a staircase to the Swamp.
 13249 | Lair:2   | Noticed Fannar
 13261 | Lair:2   | Killed Fannar
 13261 | Lair:2   | Received a gift from Trog
 13261 | Lair:2   | Reached XP level 13. HP: 122/122 MP: 4/12
 15027 | Lair:4   | Reached skill level 18 in Axes
 15670 | Lair:5   | Found a staircase to the Slime Pits.
 15806 | Lair:5   | Received a gift from Trog
 16684 | Lair:6   | Entered Level 6 of the Lair of Beasts
 17748 | Lair:6   | Reached skill level 19 in Axes
 18119 | Lair:6   | Reached XP level 14. HP: 133/133 MP: 4/13
 18576 | Lair:6   | Got an ichor-stained fustibalus
 18583 | Lair:6   | Identified the +8 fustibalus of the Dove {flame, *Corrode
                  | rElec rPois Str-3 Int+7} (You found it on level 6 of the
                  | Lair of Beasts)
 18815 | Orc:1    | Entered Level 1 of the Orcish Mines
 18823 | Orc:1    | Received a gift from Trog
 19188 | Orc:1    | Found Ubuzisoh's Distillery.
 19439 | Orc:2    | Entered Level 2 of the Orcish Mines
 19444 | Orc:2    | Noticed Rupert
 19446 | Orc:2    | Noticed Maurice
 19662 | Orc:2    | Killed Rupert
 19791 | Orc:2    | Killed Maurice
 20080 | Orc:2    | Found a staircase to the Elven Halls.
 20123 | Orc:2    | Reached skill level 15 in Fighting
 20248 | Orc:2    | Reached skill level 20 in Axes
 20454 | Orc:2    | Reached ****** piety under Trog
 20471 | Orc:2    | Reached skill level 15 in Armour
 22038 | Orc:2    | Found Mesemeiw's Distillery.
 22039 | Orc:2    | Found Gepp's Jewellery Shop.
 22044 | Orc:2    | Found Cuisar's Gadget Shoppe.
 22053 | Orc:2    | Found Gis Pyax's Antique Weapon Boutique.
 22076 | Orc:2    | Bought a potion of experience for 650 gold pieces
 22161 | Orc:1    | Bought 2 potions of experience for 1100 gold pieces
 22161 | Orc:1    | Bought a potion of mutation for 88 gold pieces
 22161 | Orc:1    | Reached XP level 15. HP: 141/141 MP: 5/15
 22162 | Orc:1    | Reached skill level 21 in Axes
 22162 | Orc:1    | Reached XP level 16. HP: 151/151 MP: 5/17
 22163 | Orc:1    | Reached XP level 17. HP: 158/158 MP: 6/18
 22164 | Orc:1    | Bought a potion of curing for 33 gold pieces
 22164 | Orc:1    | Bought a potion of curing for 33 gold pieces
 22164 | Orc:1    | Bought a potion of curing for 33 gold pieces
 22729 | D:12     | Received a gift from Trog
 22741 | D:12     | Noticed Sonja
 22752 | D:12     | HP: 8/237 [Sonja/+1 dagger of distortion (5)]
 22753 | D:12     | Mangled by Sonja

Levels and vault maps discovered:
D:1:      noname_arrival_rooms_in_the_neighbourhood, layout_basic
D:2:      layout_loops_ring, marbit_many_paths, kennysheep_slug_shrine
D:3:      layout_basic, nicolae_ru_sacrificial_ziggurat,
          kennysheep_generic_room_14
D:4:      layout_loops_ring, xom_teletrap_fun, lemuel_zombie_altar_yredelemnul,
          minmay_temple_entry_grid, portal_sewer_entry_e, chequers_jeans,
          okawaru_ov_weapons_minmay
D:5:      layout_basic, lemuel_round_altar, tgw_fedhas, kennysheep_little_box,
          first_ration
D:6:      cheibrodos_iron_armory, layout_basic, old_standard_altar,
          gammafunk_ghost_mausoleum
D:7:      layout_gridville, nemelex_diamond_rough_becter
D:8:      layout_basic, kennysheep_mini_moat, zin_statuary, minmay_bent
D:9:      layout_roguey, elyvilon_altar_1, zombieorc2_lemuel, eino_tiny_chamber
D:10:     layout_stronghold, grunt_lair_entry_orc_guard_hut, uniq_erolcha
D:11:     layout_long_grid
D:12:     minmay_glassy_protrusions, layout_basic, uniq_sonja
Lair:1:   layout_roguey, beast_lair_carwin_5, grunt_megastairs_2
Lair:2:   layout_regular_city, nicolae_swamp_entry_splash_gauntlet,
          dummy_snake_entry, serial_bayou_shore_a, uniq_fannar
Lair:3:   layout_cave_pods
Lair:4:   layout_gridlike
Lair:5:   dragon1_lemuel, layout_cave_pods, nicolae_slime_entry_slimehenge,
          grunt_megastairs_4
Lair:6:   grunt_lair_end_beastmaster, layout_loops_ring, wad_woods_river_01
Orc:1:    layout_caves, serial_shops, nicolae_shop_crystal
Orc:2:    st_orc_open, layout_caves, uniq_maurice, uniq_rupert
Sewer:    sewer_co_cracked_pipes

Skill      XL: |  1  2  3  4  5  6  7  8  9 10 11 12 13 14 15 16 17 |
---------------+----------------------------------------------------+-----
Axes           | 4 5 6 7 9 10 12 14 16 17 19 20 21 | 21.5
Fighting       | 4 5 7 8 9 10 12 13 14 15 16 | 16.2
Armour         | 3 4 5 6 7 9 10 11 13 14 15 16 | 16.1
Evocations     | 2 3 4 |  4.3
Dodging        | |  2.1

Action                   |  1- 3 |  4- 6 |  7- 9 | 10-12 | 13-15 | 16-18 || total
-------------------------+-------+-------+-------+-------+-------+-------++-------
Melee: Hand axe          |    79 |   134 |       |       |       |       ||   213
       Headbutt          |    16 |    20 |    76 |   112 |    93 |    16 ||   333
       War axe           |       |    14 |   258 |   337 |       |       ||   609
       Battleaxe         |       |       |       |   191 |    97 |       ||   288
       Executioner's axe |       |       |       |       |   352 |    63 ||   415
Invok: Berserk           |       |       |     4 |    15 |    10 |     1 ||    30
       Brothers in Arms  |       |       |     1 |     1 |     1 |       ||     3
       Trog's Hand       |       |       |       |     1 |       |       ||     1
  Use: Scroll            |     3 |     2 |     2 |    11 |     2 |       ||    20
       Potion            |       |       |       |     1 |     2 |     1 ||     4
  Eat: Chunk             |     1 |     6 |    29 |    55 |    39 |     1 ||   131
       Ration            |       |       |     1 |       |       |       ||     1
Armor: Ring mail         |    14 |       |       |       |       |       ||    14
       Animal skin       |     1 |       |       |       |       |       ||     1
       Quicksilver drago |    24 |    72 |    99 |   238 |    21 |    33 ||   487
       Chain mail        |       |       |       |    90 |   265 |       ||   355
Dodge: Dodged            |    50 |    90 |   101 |   240 |   274 |    26 ||   781

Table legend:
 A = Non-vault XP
 B = Vault XP
 C = Vault XP percentage of total XP
 D = Non-vault monster count
 E = Vault monster count
 F = Vault count percentage of total count
                 A         B        C        D         E       F
            +---------+---------+-------+---------+---------+-------
      Total |   55619 |   45001 |  44.7 |     473 |     179 |  27.5
            +---------+---------+-------+---------+---------+-------
        D:1 |      31 |       0 |   0.0 |      16 |       0 |   0.0
        D:2 |      28 |       6 |  17.6 |      17 |       2 |  10.5
        D:3 |      78 |       0 |   0.0 |      21 |       0 |   0.0
        D:4 |     541 |      14 |   2.5 |      22 |      10 |  31.2
        D:5 |     555 |     527 |  48.7 |      14 |       1 |   6.7
        D:6 |    1509 |    1053 |  41.1 |      34 |       5 |  12.8
        D:7 |     616 |       0 |   0.0 |      18 |       0 |   0.0
        D:8 |    1562 |     349 |  18.3 |      28 |       8 |  22.2
        D:9 |    1196 |     837 |  41.2 |       7 |      36 |  83.7
       D:10 |    2804 |    1660 |  37.2 |      21 |       6 |  22.2
       D:11 |    3636 |       0 |   0.0 |      46 |       0 |   0.0
       D:12 |    3517 |    5476 |  60.9 |      20 |       4 |  16.7
     Lair:1 |    9222 |    1802 |  16.3 |      29 |       6 |  17.1
     Lair:2 |    9518 |    1531 |  13.9 |      28 |       5 |  15.2
     Lair:3 |    1717 |       0 |   0.0 |      12 |       0 |   0.0
     Lair:4 |    3358 |       0 |   0.0 |      10 |       0 |   0.0
     Lair:5 |    1619 |    2149 |  57.0 |       6 |       8 |  57.1
     Lair:6 |    8670 |   11333 |  56.7 |      33 |      24 |  42.1
      Orc:1 |    2535 |     748 |  22.8 |      36 |       2 |   5.3
      Orc:2 |    2907 |   17454 |  85.7 |      55 |      37 |  40.2
      Sewer |       0 |      62 | 100.0 |       0 |      25 | 100.0
            +---------+---------+-------+---------+---------+-------
